[Event "*** Titled Tuesday Blitz"]
[Site "Chess.com"]
[Date "2021.02.09"]
[Round "1"]
[White "MarceloPlaya"]
[Black "DamianoLew95"]
[Result "0-1"]
[WhiteElo "2282"]
[BlackElo "2589"]
[TimeControl "180+1"]
[EndTime "10:05:50 PST"]
[Termination "DamianoLew95 won by resignation"]

1. e4 c5 2. Nf3 d6 3. d4 cxd4 4. Nxd4 Nf6 5. Nc3 Nc6 6. Bg5 e6 7. Qd2 a6 8. O-O-O Bd7 9. f3 Be7 10. h4 h6 11. Be3 h5 12. Kb1 Ne5 13. Bg5 Rc8 14. f4 Neg4 15. Be2 Nf2 16. Bf3 Nxd1 17. Qxd1 e5 18. Nde2 Be6 19. f5 Bc4 20. Ng3 g6 21. fxg6 fxg6 22. Nf1 Be6 23. Ne3 Qd7 24. Bxf6 Bxf6 25.
Ncd5 Bd8 26. g4 hxg4 27. Nxg4 O-O 28. h5 Rxf3 29. Qxf3 Bxg4 30. Nf6+ Bxf6 31. Qxf6 Qg7 32. Qxd6 gxh5 0-1

[Event "*** Titled Tuesday Blitz"]
[Site "Chess.com"]
[Date "2021.02.09"]
[Round "1"]
[White "Sviridov_Valery"]
[Black "2nd_life"]
[Result "1-0"]
[WhiteElo "2973"]
[BlackElo "2460"]
[TimeControl "180+1"]
[EndTime "10:05:51 PST"]
[Termination "Sviridov_Valery won by resignation"]

1. Nf3 Nf6 2. g3 d5 3. Bg2 c6 4.
O-O Bg4 5. d4 Nbd7 6. Nbd2 e6 7.
Re1 Be7 8. e4 O-O 9. c3 Bh5 10.
a4 a6 11. a5 c5 12. exd5 exd5 13. dxc5 Nxc5 14. Nb3 Nce4 15. Be3 Qd7 16. Nbd4 Ng4 17.
Ne5 Nxe5 18. Qxh5 Nd3 19. Re2 g6 20. Qh3 f5 21. Rd1 Ne5 22. Bf4 Nc4 23. Rde1 Bc5 24. b4 Bd6 25. Bxe4 dxe4 26. Rxe4 Rad8 27. Re6 Bxf4 28. Re7 1-0

[Event "*** Titled Tuesday Blitz"]
[Site "Chess.com"]
[Date "2021.02.09"]
[Round "1"]
[White "WanderingPuppet"]
[Black "GOGIEFF"]
[Result "0-1"]
[WhiteElo "2451"]
[BlackElo "2897"]
[TimeControl "180+1"]
[EndTime "10:05:51 PST"]
[Termination "GOGIEFF won by checkmate"]

1. e4 c5 2. Nf3 d6 3. d4 cxd4 4. Nxd4 Nf6 5. Nc3 a6 6. Be3 e6 7. f3 h5 8. Qd2 b5 9. a4 b4 10. Na2 d5 11. e5 Nfd7 12. f4 Nc5 13. Bd3 a5 14. O-O Nbd7 15. f5 Nxe5 16. fxe6 fxe6 17. Bb5+ Bd7 18. Nxe6 Nxe6 19. Qxd5 Bxb5 20. Qxe6+ Qe7 21.
Qxe7+ Bxe7 22. axb5 Nc4 23. Bd4 O-O-O 24. Bxg7 Rhg8 25. Bf6 Rd2 26. g3 Bc5+ 27. Kh1 Ne3 28. Rf4 Ng4 29. h3 Rh2# 0-1

[Event "*** Titled Tuesday Blitz"]
[Site "Chess.com"]
[Date "2021.02.09"]
[Round "1"]
[White "Srisshhhtea"]
[Black "YIYUKI"]
[Result "1-0"]
[WhiteElo "2508"]
[BlackElo "2168"]
[TimeControl "180+1"]
[EndTime "10:05:52 PST"]
[Termination "Srisshhhtea won by resignation"]

1. d4 Nf6 2. c4 e6 3. Nf3 Bb4+ 4. Bd2 Qe7 5. g3 Nc6 6. Nc3 Bxc3 7. Bxc3 Ne4 8. Qc2 Nxc3 9. Qxc3 d6 10. Bg2 O-O 11.
O-O e5 12. d5 Nb8 13. e4 a5 14. b3 Nd7 15. a3 Nc5 16. Nd2 Bd7 17. b4 axb4 18.
axb4 Na4 19. Qc2 b5 20. Ra3 Rfb8 21. Rfa1 Nb6 22. c5 Rxa3 23. Rxa3 Na4 24. c6 Bc8 25. Bf1 f5 26. exf5 Qg5 27. Bd3 Nb6 28. Be4 h5 29.
Nf3 Qg4 30. Ra7 Nc4 31. Rxc7 Ra8 32. Kg2 h4 33. h3 Qh5 34. Nxh4 1-0

[Event "*** Titled Tuesday Blitz"]
[Site "Chess.com"]
[Date "2021.02.09"]
[Round "1"]
[White "LiamVrolijk"]
[Black "guillembaches"]
[Result "1-0"]
[WhiteElo "2876"]
[BlackElo "2445"]
[TimeControl "180+1"]
[EndTime "10:05:54 PST"]
[Termination "LiamVrolijk won by resignation"]

1. e4 c5 2. Nf3 Nc6 3. Bb5 g6 4. Bxc6 bxc6 5. d3 Bg7 6. O-O d6 7. Re1 f6 8. c3 Nh6 9. d4 cxd4 10.
cxd4 Nf7 11. Nc3 O-O 12. d5 c5 13. h3 Rb8 14. Qc2 Ne5 15. Nxe5 fxe5 16. Be3 Bd7 17.
b3 Qa5 18. Rec1 Rb4 19. Nd1 Qa6 20. Nb2 Bb5 21. a3 Rd4 22. b4 c4 23. a4 Bd7 24.
b5 Qb7 25. Bxd4 exd4 26. Qxc4 Rc8 27. Qd3 Rc3 28. Rxc3 dxc3 29. Nc4 Qc7 30. Rc1 Qc5 31. e5 dxe5 32. Qxc3 Qxd5 33. Ne3 Qa2 34. Qc4+ Qxc4 35. Rxc4 Be6 36. Rc7 1-0

[Event "*** Titled Tuesday Blitz"]
[Site "Chess.com"]
[Date "2021.02.09"]
[Round "1"]
[White "VALPARAISO37"]
[Black "zurzan"]
[Result "1-0"]
[WhiteElo "2480"]
[BlackElo "2004"]
[TimeControl "180+1"]
[EndTime "10:05:54 PST"]
[Termination "VALPARAISO37 won on time"]

1. d4 d6 2. e4 Nf6 3. f3 Nbd7 4. c4 e5 5. d5 c6 6. Be3 cxd5 7. cxd5 Qa5+ 8. Nc3 Be7 9. a3 O-O 10. Ne2 a6 11.
Ng3 Nc5 12. b4 Qd8 13. bxc5 dxc5 14. a4 h5 15. Bc4 h4 16. Nge2 Nh5 17. a5 Bg5 18.
Qd2 Bxe3 19. Qxe3 Kh8 20. g3 f5 21. Qxc5 h3 22. Qe3 Bd7 23. Bd3 f4 24. gxf4 Qh4+ 25. Qf2 Qe7 26. f5 Rac8 27. O-O Nf4 28. Nxf4 exf4 29.
Ne2 Qe5 30. Qd4 Qxd4+ 31. Nxd4 Rc3 32. Rfd1 Rfc8 33. Ne2 Rb3 34. Nxf4 Bb5 35. Ng6+ Kh7 36. Bxb5 axb5 37. Rdc1 Rc4 38. Rxc4 bxc4 39. Kf2 c3 40. Kg3 c2 41. Rc1 Kh6 42. Kxh3 Rxf3+ 43. Kg4 Rf2 44.
h4 Rd2 45. Kf4 Kh5 46. Ke3 1-0

[Event "*** Titled Tuesday Blitz"]
[Site "Chess.com"]
[Date "2021.02.09"]
[Round "1"]
[White "FGHSMN"]
[Black "pavelalexandru07"]
[Result "1-0"]
[WhiteElo "2634"]
[BlackElo "2326"]
[TimeControl "180+1"]
[EndTime "10:05:56 PST"]
[Termination "FGHSMN won by resignation"]

1. e4 c5 2. Nf3 d6 3. d4 cxd4 4.
Nxd4 Nf6 5. Nc3 a6 6. h3 e5 7. Nb3 h5 8. Bg5 Be7 9. Be2 g6 10. Qd2 Be6 11. O-O-O Nbd7 12. Kb1 b5 13. a3 Rc8 14. Be3 Nb6 15. Na5 Qc7 16. f4 Nc4 17.
Nxc4 bxc4 18. f5 gxf5 19. exf5 Bxf5 20. Rhf1 Bg6 21. Rxf6 Bxf6 22. Nd5 Qd8 23. Bb6 Bg5 24. Bxd8 Bxd2 25. Bf6 Rh6 26. Rxd2 Rc5 27. Bg5 1-0

[Event "*** Titled Tuesday Blitz"]
[Site "Chess.com"]
[Date "2021.02.09"]
[Round "1"]
[White "floplover"]
[Black "LawrenceTrent"]
[Result "0-1"]
[WhiteElo "2288"]
[BlackElo "2599"]
[TimeControl "180+1"]
[EndTime "10:05:57 PST"]
[Termination "LawrenceTrent won by resignation"]

1. d4 d5 2. Nf3 a6 3. Bf4 Bf5 4. e3 e6 5. Nbd2 Nd7 6. c3 Ngf6 7. Be2 Bd6 8. Bxd6 cxd6 9. O-O O-O 10. Re1 h6 11. Qb3 Qb6 12. Rac1 Rfc8 13. h3 Ne4 14.
Nxe4 Bxe4 15. Nd2 Bg6 16. Bf3 Qxb3 17. axb3 b5 18. Ra1 a5 19. Ra2 Nb6 20. Be2 b4 21. c4 dxc4 22. bxc4 a4 23. f3 a3 24.
bxa3 Rxa3 25. Rxa3 bxa3 26. Ra1 Ra8 27. e4 e5 28. d5 f5 29. Kf2 fxe4 30. fxe4 Nd7 31.
Ke3 Nc5 32. Ra2 Kf7 33. Bd3 Kf6 34. Nb1 Rb8 35. Nxa3 Rb3 36. Nb5 Rxd3+ 37. Ke2 Bxe4 38. Nxd6 Bxg2 39. Ra5 Bf3+ 40. Kf2 Ne4+ 41. Nxe4+ Bxe4 42. Ra6+ Kf5 43. Ra7 Kf4 44. Rf7+ Bf5 45. Rxg7 Rd2+ 46.
Ke1 Rc2 47. d6 Rxc4 48. d7 Rd4 0-1

[Event "*** Titled Tuesday Blitz"]
[Site "Chess.com"]
[Date "2021.02.09"]
[Round "1"]
[White "politeplayer"]
[Black "Gulkov_Igor"]
[Result "1/2-1/2"]
[WhiteElo "2193"]
[BlackElo "2501"]
[TimeControl "180+1"]
[EndTime "10:05:58 PST"]
[Termination "Game drawn by repetition"]

1. e4 c5 2. Nf3 d6 3. d4 cxd4 4. Nxd4 Nf6 5. Nc3 a6 6. Bc4 e6 7. O-O Be7 8. Bb3 b5 9. f4 Bb7 10.
e5 dxe5 11. fxe5 Bc5 12. Be3 Nc6 13. exf6 Bxd4 14. Qe1 Qb6 15. Bxd4 Nxd4 16. Kh1 Nxb3 17. cxb3 gxf6 18. Rd1 Rg8 19. Ne4 Bxe4 20. Qxe4 Ke7 21. Qb4+ Ke8 22. Rxf6 Rg6 23. Rd7 Kxd7 24. Rxf7+ Kc6 25.
Qe4+ Kd6 26. Qd3+ Ke5 27. Qe2+ Kd6 28. Qd3+ Ke5 29. Qe2+ Kd6 30. Qd3+ 1/2-1/2

[Event "*** Titled Tuesday Blitz"]
[Site "Chess.com"]
[Date "2021.02.09"]
[Round "1"]
[White "JoachimMouhamad"]
[Black "swisspower96"]
[Result "1-0"]
[WhiteElo "2368"]
[BlackElo "2663"]
[TimeControl "180+1"]
[EndTime "10:05:59 PST"]
[Termination "JoachimMouhamad won by resignation"]

1. e4 c5 2. Nf3 Nc6 3. d4 cxd4 4. Nxd4 Nf6 5. Nc3 e5 6. Ndb5 d6 7. Bg5 a6 8. Na3 b5 9. Nd5 Be7 10. Bxf6 Bxf6 11. c3 Rb8 12. Nc2 Bg5 13. Be2 O-O 14. O-O g6 15. Qd3 Kg7 16. Bf3 f5 17.
Rfd1 Be6 18. Ncb4 Nxb4 19. Nxb4 Rb6 20. Nd5 Rb7 21. b4 Qb8 22. a4 Rc8 23. axb5 axb5 24. Ra6 Bxd5 25. Qxd5 Rxc3 26. Rxd6 Re7 27. exf5 gxf5 28.
Rd8 Qc7 29. Qg8+ Kh6 30. R8d6+ 1-0

[Event "*** Titled Tuesday Blitz"]
[Site "Chess.com"]
[Date "2021.02.09"]
[Round "1"]
[White "misterlamine"]
[Black "PlotnikovPavel"]
[Result "0-1"]
[WhiteElo "2266"]
[BlackElo "2568"]
[TimeControl "180+1"]
[EndTime "10:06:00 PST"]
[Termination "PlotnikovPavel won by checkmate"]

1. d4 e6 2. c4 f5 3. Nc3 Nf6 4. Nf3 b6 5. g3 Bb7 6. Bg2 Bb4 7. O-O O-O 8. Bd2 Bxc3 9. Bxc3 Ne4 10. Qc2 Nxc3 11.
Qxc3 Qe7 12. Rfd1 d6 13. Rac1 Nd7 14. a3 a5 15. b4 axb4 16. axb4 Nf6 17. c5 bxc5 18.
bxc5 Bd5 19. Nd2 Ra2 20. Bxd5 Nxd5 21. Qb3 Rfa8 22. cxd6 cxd6 23. Rc8+ Rxc8 24. Qxa2 Nc3 25. Qa6 Qc7 26. Re1 Qc6 27. Qa7 h6 28. Nf3 Kh7 29. Kg2 e5 30. Qf7 Qe4 31. dxe5 dxe5 32. Qe6 Rc5 33. h4 Nxe2 34. h5 Qxf3+ 35. Kf1 Nxg3+ 36. Kg1 Qh1# 0-1

[Event "*** Titled Tuesday Blitz"]
[Site "Chess.com"]
[Date "2021.02.09"]
[Round "1"]
[White "Leo_C"]
[Black "ChristopherYoo"]
[Result "0-1"]
[WhiteElo "2447"]
[BlackElo "2881"]
[TimeControl "180+1"]
[EndTime "10:06:01 PST"]
[Termination "ChristopherYoo won by checkmate"]

1. d4 Nf6 2. c4 g6 3. f3 Bg7 4. e4 d6 5. Nc3 O-O 6. Be3 Nc6 7. Nge2 a6 8. Qd2 Bd7 9. Rb1 b5 10. cxb5 axb5 11. b4 e5 12. d5 Ne7 13. Ng3 Qb8 14. h4 h5 15. Bd3 c6 16. dxc6 Bxc6 17. O-O d5 18. exd5 Nexd5 19. Nxd5 Bxd5 20. Rb2 e4 21. fxe4 Qxg3 22. Bf4 Qxh4 23. exd5 Nxd5 24. g3 Qh3 25. Bxb5 Nxf4 26. gxf4 Bxb2 27. Qxb2 Ra3 28. Bc6 Rd8 29. Bg2 Qe3+ 30. Kh1 Rd2 31. Qf6 Rxg2 32.
Kxg2 Rxa2+ 33. Kh1 Qh3+ 34. Kg1 Qg2# 0-1

[Event "*** Titled Tuesday Blitz"]
[Site "Chess.com"]
[Date "2021.02.09"]
[Round "1"]
[White "Fandorine"]
[Black "ChessFighter1975"]
[Result "1-0"]
[WhiteElo "2860"]
[BlackElo "2435"]
[TimeControl "180+1"]
[EndTime "10:06:02 PST"]
[Termination "Fandorine won by resignation"]

1. d4 d6 2. e4 Nf6 3. f3 Nbd7 4. Nc3 e5 5. Be3 c6 6. Qd2 b5 7. O-O-O b4 8. Nce2 d5 9. dxe5 Nxe5 10. Kb1 Nc4 11. Qc1 Qa5 12. Nd4 Bd7 13. Bxc4 dxc4 14. Nge2 Be7 15.
Ng3 g6 16. h4 h5 17. Bg5 O-O 18. Rhe1 Rad8 19. e5 Nd5 20. Bxe7 Nxe7 21. Qg5 Qc5 22. Ne4 Qa5 23. Qxe7 c3 24. Nf6+ Kg7 25. Nxd7 Rfe8 26. Ne6+ Kh6 27. Qg5+ Kh7 28. Nf6+ 1-0

[Event "*** Titled Tuesday Blitz"]
[Site "Chess.com"]
[Date "2021.02.09"]
[Round "1"]
[White "csati17"]
[Black "chess4life23"]
[Result "0-1"]
[WhiteElo "2555"]
[BlackElo "2297"]
[TimeControl "180+1"]
[EndTime "10:06:03 PST"]
[Termination "chess4life23 won by resignation"]

1. c4 Nf6 2. Nc3 d5 3. cxd5 Nxd5 4. g3 c5 5. Bg2 Nc7 6. Nf3 Nc6 7. O-O g6 8. b3 Bg7 9. Ba3 b6 10. Rc1 O-O 11.
d3 Bb7 12. Qd2 e5 13. Ne1 Re8 14. Nc2 Qc8 15. Ne3 Nd4 16. Ned5 Nxd5 17. Nxd5 Qd7 18. e4 Bxd5 19. exd5 f5 20. b4 Qa4 21. Bb2 Qxb4 22. Qxb4 cxb4 23. d6 Ne2+ 24. Kh1 Nxc1 25.
d7 Nxd3 26. Bc6 Red8 27. Ba1 e4 28. g4 Bxa1 29. Rxa1 Ne5 0-1

[Event "*** Titled Tuesday Blitz"]
[Site "Chess.com"]
[Date "2021.02.09"]
[Round "1"]
[White "KeithArkell"]
[Black "Azerichess"]
[Result "0-1"]
[WhiteElo "2463"]
[BlackElo "2990"]
[TimeControl "180+1"]
[EndTime "10:06:04 PST"]
[Termination "Azerichess won by resignation"]

1. d4 d5 2. Nf3 c5 3. c4 cxd4 4. cxd5 Qxd5 5. Nc3 Qa5 6. Nxd4 Nf6 7. g3 e5 8. Nb3 Qc7 9. Bg2 Bb4 10. Bd2 O-O 11. a3 Be7 12. Rc1 Nc6 13. O-O Be6 14. Bg5 Rfd8 15. Qc2 Qb6 16. Nd2 Nd4 17. Qb1 Rac8 18.
Bxf6 gxf6 19. e3 Rxc3 20. exd4 Rxc1 21. Rxc1 Qxd4 22. Nf3 Qd3 23. Qxd3 Rxd3 24. h3 e4 25. Nh4 f5 26. Rc7 Bxh4 27. gxh4 Rd1+ 28. Kh2 Rd2 29. Rxb7 e3 0-1

[Event "*** Titled Tuesday Blitz"]
[Site "Chess.com"]
[Date "2021.02.09"]
[Round "1"]
[White "maximnovik"]
[Black "kidagent"]
[Result "1-0"]
[WhiteElo "2577"]
[BlackElo "2273"]
[TimeControl "180+1"]
[EndTime "10:06:04 PST"]
[Termination "maximnovik won by resignation"]

1. d4 d5 2. c4 c6 3. Nc3 Nf6 4. Bf4 e6 5. e3 Nbd7 6. Nf3 Be7 7. cxd5 exd5 8. h3 O-O 9. Bd3 Re8 10. O-O Nf8 11.
Bh2 Ng6 12. Ne5 Be6 13. f4 Nxe5 14. dxe5 Ne4 15. Nxe4 dxe4 16. Bxe4 Qb6 17. Qe2 Bc5 18.
Rae1 Bxa2 19. f5 Rad8 20. e6 fxe6 21. f6 e5 22. b4 Bf7 23. bxc5 Qxc5 24. fxg7 Qb4 25.
Bxh7+ Kxg7 26. Rxf7+ Kxf7 27. Qh5+ Kg7 28. Qg6+ Kh8 29.
Rf1 Qc3 30. Qh6 Re7 31. Bf5+ Kg8 32. Be6+ Rxe6 33. Qxe6+ Kh7 34. Qf7+ Kh8 35. Qh5+ Kg8 36. Qg5+ Kh7 1-0

[Event "*** Titled Tuesday Blitz"]
[Site "Chess.com"]
[Date "2021.02.09"]
[Round "1"]
[White "redbaron8888"]
[Black "yoelpolanco"]
[Result "1-0"]
[WhiteElo "2534"]
[BlackElo "2216"]
[TimeControl "180+1"]
[EndTime "10:06:06 PST"]
[Termination "redbaron8888 won on time"]

1. e4 c5 2. Nf3 d6 3. d4 cxd4 4. Nxd4 Nf6 5. Nc3 a6 6. h3 e5 7. Nde2 h5 8. Bg5 Be7 9. Bxf6 Bxf6 10. Qd3 Nc6 11. a3 Be6 12. O-O-O Be7 13. Kb1 O-O 14. Nd5 Bg5 15. g3 h4 16. f4 Bh6 17. f5 Bxd5 18.
exd5 Nd4 19. Nxd4 exd4 20. Qxd4 hxg3 21. Rg1 Qg5 22. h4 Qf4 23. Qd3 Qxh4 24. Qxg3 Qxg3 25.
Rxg3 f6 26. Re1 Bf4 27. Rb3 1-0

[Event "*** Titled Tuesday Blitz"]
[Site "Chess.com"]
[Date "2021.02.09"]
[Round "1"]
[White "queen_iryna"]
[Black "suyu28"]
[Result "0-1"]
[WhiteElo "2330"]
[BlackElo "2643"]
[TimeControl "180+1"]
[EndTime "10:06:07 PST"]
[Termination "suyu28 won by resignation"]

1. e4 c6 2. d4 d5 3. e5 c5 4. dxc5 Nc6 5. Nf3 e6 6. a3 Bxc5 7. b4 Bb6 8. Bb2 Nge7 9. Bd3 Ng6 10. O-O O-O 11. Nbd2 Bd7 12. c4 Bc7 13. cxd5 exd5 14.
Bxg6 hxg6 15. Nb3 Bg4 16. Re1 Re8 17. h3 Bxf3 18. Qxf3 Bxe5 19. Bxe5 Nxe5 20. Qg3 Nc4 21. Nd4 Qf6 22. Nb5 a6 23. Nc7 Rxe1+ 24. Rxe1 Rd8 25. Re8+ Rxe8 26. Nxe8 Qd8 27. Nc7 d4 28. Kf1 d3 29.
Ke1 d2+ 30. Kd1 Nb2+ 0-1

[Event "*** Titled Tuesday Blitz"]
[Site "Chess.com"]
[Date "2021.02.09"]
[Round "1"]
[White "mapleaff"]
[Black "Funo09"]
[Result "0-1"]
[WhiteElo "2404"]
[BlackElo "2784"]
[TimeControl "180+1"]
[EndTime "10:06:08 PST"]
[Termination "Funo09 won by resignation"]

1. e4 c6 2. d4 d5 3. e5 c5 4.
dxc5 e6 5. a3 Bxc5 6. b4 Bb6 7.
Bb2 Ne7 8. Nf3 O-O 9. Bd3 Ng6 10. h4 Nf4 11. Bxh7+ Kxh7 12. Ng5+ Kg8 13. g3 Ng6 14. Qh5 Re8 15. f4 Kf8 16. c4 dxc4 17. Nd2 Qd3 18. Nh7+ Kg8 19. O-O-O c3 20. Nb1 Be3+ 21. Nd2 Bxd2+ 22. Rxd2 Qxd2+ 0-1

[Event "*** Titled Tuesday Blitz"]
[Site "Chess.com"]
[Date "2021.02.09"]
[Round "1"]
[White "markowskitomasz"]
[Black "Fortitudine"]
[Result "1-0"]
[WhiteElo "2644"]
[BlackElo "2331"]
[TimeControl "180+1"]
[EndTime "10:06:08 PST"]
[Termination "markowskitomasz won by checkmate"]

1. d4 Nf6 2. c4 c5 3. d5 b5 4.
Nf3 g6 5. Qc2 d6 6. e4 Bg7 7. a4 bxc4 8. Bxc4 O-O 9. O-O Na6 10.
Nc3 Nb4 11. Qe2 Nd7 12. a5 Ne5 13. Nxe5 Bxe5 14. Be3 Rb8 15. f4 Bg7 16. Bf2 e6 17.
dxe6 fxe6 18. Rfd1 Qe7 19. Nb5 Rd8 20. Qe1 a6 21. Bh4 Bf6 22. Bxf6 Qxf6 23. Nxd6 Rxd6 24. Rxd6 Nc2 25. e5 Qxf4 26. Qf1 Qxe5 27. Rd8+ Kg7 28. Qf8# 1-0

[Event "*** Titled Tuesday Blitz"]
[Site "Chess.com"]
[Date "2021.02.09"]
[Round "1"]
[White "jens1102"]
[Black "ArjunErigaisi2003"]
[Result "0-1"]
[WhiteElo "2453"]
[BlackElo "2915"]
[TimeControl "180+1"]
[EndTime "10:06:09 PST"]
[Termination "ArjunErigaisi2003 won by resignation"]

1. e4 g6 2. d4 Bg7 3. Nf3 d6 4. Be2 Nf6 5. Nc3 O-O 6. O-O e5 7. h3 exd4 8. Nxd4 Re8 9. f3 d5 10. Bg5 dxe4 11. Nxe4 h6 12. Bxf6 Bxf6 13. Nxf6+ Qxf6 14. c3 Nd7 15. Bc4 Ne5 16. Bb3 c5 17. Nb5 c4 18.
Ba4 Bxh3 19. gxh3 Qg5+ 20. Kh2 Qf4+ 21. Kg2 Nd3 22. Nd4 Re5 23. Qc2 Rh5 24. Ne2 Qh4 25. Ng1 Nf4+ 26. Kh1 Nxh3 27. Qh2 Nf2+ 28. Rxf2 Qxf2 0-1

[Event "*** Titled Tuesday Blitz"]
[Site "Chess.com"]
[Date "2021.02.09"]
[Round "1"]
[White "Fighter008"]
[Black "CalinGheorghiu"]
[Result "0-1"]
[WhiteElo "2574"]
[BlackElo "2303"]
[TimeControl "180+1"]
[EndTime "10:06:09 PST"]
[Termination "CalinGheorghiu won by resignation"]

1. e4 c5 2. Nc3 d6 3. Nge2 Nf6 4. g3 e6 5. Bg2 Be7 6. O-O O-O 7. d4 cxd4 8. Nxd4 a6 9. Be3 Qc7 10. a4 Nc6 11. Nxc6 bxc6 12. a5 Nd7 13. Na4 c5 14.
c4 Bb7 15. Nc3 Bc6 16. Qd2 Rab8 17. Rfd1 Rb4 18. Bf1 Rfb8 19. Ra2 Ne5 20. Be2 Nxc4 21. Bxc4 Rxc4 22. Qe2 Rcb4 23. Qxa6 Rxb2 24. Rxb2 Rxb2 25. Ra1 Bf6 26. Qd3 Rb3 27. Bd2 Rb8 28. a6 Ra8 29.
Nb5 Bxb5 30. Qxb5 Bxa1 31. e5 Bxe5 32. Ba5 Qa7 0-1

[Event "*** Titled Tuesday Blitz"]
[Site "Chess.com"]
[Date "2021.02.09"]
[Round "1"]
[White "Chuchofrio1"]
[Black "FlySooHigh"]
[Result "1-0"]
[WhiteElo "2302"]
[BlackElo "2580"]
[TimeControl "180+1"]
[EndTime "10:06:09 PST"]
[Termination "Chuchofrio1 won by resignation"]

1. e4 c5 2. Nc3 d6 3. Bb5+ Nd7 4.
Bc4 a6 5. a4 Ngf6 6. f4 e6 7.
d3 Be7 8. Nf3 O-O 9. O-O b6 10. f5 exf5 11. exf5 Bb7 12. Qe1 d5 13. Ba2 Re8 14. Qg3 Bc6 15. Bg5 b5 16. Rae1 c4 17. Kh1 Nh5 18. Qh4 Bxg5 19. Nxg5 Nhf6 20. Nf3 Qb6 21. d4 bxa4 22. Ne5 Qxb2 23. Re3 Bb5 24.
Rg3 Qb4 25. Nxd7 Nxd7 26. f6 g6 27. Nxd5 Qf8 28. Ne7+ Kh8 29. Rh3 h5 30. Qxh5+ 1-0

[Event "*** Titled Tuesday Blitz"]
[Site "Chess.com"]
[Date "2021.02.09"]
[Round "1"]
[White "chessmadara"]
[Black "Sergey85Rodchenkov"]
[Result "0-1"]
[WhiteElo "2158"]
[BlackElo "2505"]
[TimeControl "180+1"]
[EndTime "10:06:09 PST"]
[Termination "Sergey85Rodchenkov won by resignation"]

1. e4 c5 2. Nf3 d6 3. d4 cxd4 4.
Nxd4 Nf6 5. Nc3 a6 6. g3 e5 7. Nde2 Be7 8. Bg2 Nbd7 9. O-O O-O 10. h3 b5 11. g4 b4 12. Nd5 Nxd5 13. Qxd5 Nb6 14. Qd1 a5 15. Be3 Ba6 16. Bxb6 Qxb6 17. Re1 Bxe2 18. Rxe2 Rac8 19. Rd2 Rc6 20. Qe2 Rfc8 21.
Rc1 Bg5 22. Rcd1 Bxd2 23. Rxd2 g6 24. Bf1 Qc7 25. Qd3 Rxc2 26. Rxc2 Qxc2 27. Qxd6 Qxb2 28. Qa6 Rc1 29. Qxa5 Qd4 30. Qa8+ Kg7 31. Qd5 Qxd5 32. exd5 Rd1 33. Kg2 Rxd5 34. Bc4 Rd2 35. Kf3 f5 36. gxf5 gxf5 37. Ke3 Rb2 38. Kf3 Kf6 39. Kg3 e4 40. Bg8 h6 41. h4 Ke5 42. Bc4 f4+ 0-1

[Event "*** Titled Tuesday Blitz"]
[Site "Chess.com"]
[Date "2021.02.09"]
[Round "1"]
[White "SharapovEvgeny"]
[Black "Alexander_Zubov"]
[Result "0-1"]
[WhiteElo "2461"]
[BlackElo "2982"]
[TimeControl "180+1"]
[EndTime "10:06:11 PST"]
[Termination "Alexander_Zubov won by resignation"]

1. c4 c5 2. Nc3 g6 3. Nf3 Bg7 4. d4 cxd4 5. Nxd4 Nc6 6. e3 Nf6 7. Be2 O-O 8. O-O d5 9. cxd5 Nxd5 10. Nxd5 Qxd5 11. Bf3 Qc5 12. Nxc6 bxc6 13. Qa4 Rd8 14. Rb1 Bf5 15. e4 Be6 16. b3 Qb5 17. Qxb5 cxb5 18.
Be3 a5 19. Rfd1 Rxd1+ 20. Bxd1 a4 21. bxa4 bxa4 22. a3 Bd7 23. f3 e5 24. Bc5 Rc8 25. Bb4 Bh6 26. Kf1 Be3 27. Ke2 Bd4 28. Kd2 f5 29.
Rc1 Be3+ 0-1

[Event "*** Titled Tuesday Blitz"]
[Site "Chess.com"]
[Date "2021.02.09"]
[Round "1"]
[White "MatthewG-p4p"]
[Black "dusanako"]
[Result "1-0"]
[WhiteElo "2815"]
[BlackElo "2410"]
[TimeControl "180+1"]
[EndTime "10:06:12 PST"]
[Termination "MatthewG-p4p won by resignation"]

1. d4 Nf6 2. Nf3 e6 3. e3 b6 4. Bd3 Bb7 5. O-O g6 6. b3 Bg7 7. Bb2 O-O 8. c4 d6 9. Nbd2 Nbd7 10. Qe2 Qe7 11. e4 e5 12. d5 a5 13. a3 Nh5 14. g3 c6 15. b4 a4 16. dxc6 Bxc6 17. Rad1 f5 18. exf5 gxf5 19. Nd4 Bb7 20. Qxh5 exd4 21.
Bxf5 Nf6 22. Qh3 Rae8 23. Bxd4 h6 24. Qh4 Nh7 25. Qxe7 Rxe7 26. Bxg7 Rxf5 27. Bxh6 Re6 28. Be3 Nf6 29. h3 Rh5 30. h4 Ng4 31. Bf4 Rg6 32.
Rfe1 Ne5 33. Bxe5 dxe5 34. Kf1 Rxh4 35. gxh4 Bg2+ 36. Ke2 1-0

[Event "*** Titled Tuesday Blitz"]
[Site "Chess.com"]
[Date "2021.02.09"]
[Round "1"]
[White "GoltsevDmitry2000"]
[Black "leoduarte"]
[Result "1-0"]
[WhiteElo "2722"]
[BlackElo "2381"]
[TimeControl "180+1"]
[EndTime "10:06:12 PST"]
[Termination "GoltsevDmitry2000 won on time"]

1. c4 c5 2. g3 Nc6 3. Nc3 g6 4. Bg2 Bg7 5. Nf3 d6 6. O-O Bf5 7. d3 Qd7 8. Nd5 Nf6 9. Bd2 Nxd5 10. cxd5 Nd4 11. Nxd4 Bxd4 12. Bc3 Bxc3 13. bxc3 O-O 14. h4 Bh3 15. Rb1 Bxg2 16. Kxg2 b5 17. h5 a6 18.
Rh1 Qf5 19. e4 Qf6 20. Qd2 Rfb8 21. hxg6 hxg6 22. Rh4 b4 23. c4 a5 24. Rbh1 a4 25. Rh7 g5 26. R1h6 Qe5 27. Qe2 e6 28. Qh5 Ra7 29. Rh8+ Kg7 30. Rxb8 exd5 31. Rh7+ Kf6 32.
Qh6+ Ke7 33. Qf8+ 1-0

[Event "*** Titled Tuesday Blitz"]
[Site "Chess.com"]
[Date "2021.02.09"]
[Round "1"]
[White "LilRag"]
[Black "Sjakkerntobi"]
[Result "1/2-1/2"]
[WhiteElo "2574"]
[BlackElo "2286"]
[TimeControl "180+1"]
[EndTime "10:06:12 PST"]
[Termination "Game drawn by repetition"]

1. Nf3 d5 2. e3 Nf6 3. c4 e6 4. Be2 Be7 5. O-O O-O 6. b3 c5 7.
Bb2 Nc6 8. cxd5 exd5 9. d4 Ne4 10. Nc3 Bf6 11. Rc1 cxd4 12. Nxe4 dxe4 13. Nxd4 Nxd4 14. Bxd4 Bxd4 15. Qxd4 Qxd4 16. exd4 Rd8 17. Rfd1 Be6 18. Rc7 Rac8 19. Rxb7 Rc2 20. Bc4 Bxc4 21. bxc4 Rxc4 22.
Rxa7 h6 23. Kf1 Rdxd4 24. Rxd4 Rxd4 25. a4 Rd1+ 26. Ke2 Ra1 27. a5 Ra3 28. g4 g6 29.
a6 Kg7 30. Ra8 Kh7 31. a7 Kg7 32. h4 Kf6 33. Kd2 h5 34. gxh5 gxh5 35. Kc2 Kf5 36.
Kb2 Ra6 37. Kc3 Kf4 38. Kd4 f5 39. Kd5 Ra5+ 40. Ke6 Ra6+ 41. Kd5 Ra5+ 42. Ke6 Ra6+ 43.
Kd5 1/2-1/2

[Event "*** Titled Tuesday Blitz"]
[Site "Chess.com"]
[Date "2021.02.09"]
[Round "1"]
[White "enriquebutti"]
[Black "mbachez"]
[Result "1-0"]
[WhiteElo "2182"]
[BlackElo "2492"]
[TimeControl "180+1"]
[EndTime "10:06:12 PST"]
[Termination "enriquebutti won on time"]

1. d4 Nf6 2. Nf3 g6 3. c4 Bg7 4.
Nc3 O-O 5. Bg5 c5 6. e3 cxd4 7. Nxd4 Nc6 8. Be2 h6 9. Bh4 Nxd4 10. exd4 g5 11. Bg3 d5 12. O-O dxc4 13. Bxc4 b6 14.
Be5 Bb7 15. f4 g4 16. d5 Rc8 17. Bb3 h5 18. Qd4 Rc5 19. Rad1 Qa8 20. d6 Rxe5 21.
fxe5 Bxg2 22. dxe7 Bxf1 23. Rxf1 g3 24. exf8=Q+ Bxf8 25.
Bxf7+ Kxf7 26. Rxf6+ 1-0

[Event "*** Titled Tuesday Blitz"]
[Site "Chess.com"]
[Date "2021.02.09"]
[Round "1"]
[White "rachidhuilda"]
[Black "klimkoj"]
[Result "1-0"]
[WhiteElo "2300"]
[BlackElo "2574"]
[TimeControl "180+1"]
[EndTime "10:06:13 PST"]
[Termination "rachidhuilda won on time"]

1. d4 f6 2. e4 e6 3. Bd3 g6 4. h4 Ne7 5. h5 Bg7 6. hxg6 hxg6 7. Rxh8+ Bxh8 8. Nc3 Nbc6 9. Nge2 d6 10. Be3 e5 11.
Qd2 exd4 12. Nxd4 Nxd4 13. Bxd4 Be6 14. O-O-O Bg7 15. Rh1 Nc6 16. Be3 Qd7 17. Rh7 O-O-O 18. f4 Bg8 19. Rh1 a6 20. a3 Ne7 21. Be2 d5 22. exd5 Nxd5 23. Nxd5 1-0